Map: Ruins of Seras

Players

Bagain - Winner!

  • Race: Protoss Protoss
  • League: Gold

llllllllllll

  • Race: Terran Terran
  • League: Silver

VOD

Have the link to the VOD?

Description

Time

  • Played on: Feb. 3, 2016, 9:55 a.m.
  • Length: 12:08
Show
View Real Time Build Order
Export as new Build Order

Bagain Protoss - Winner!

Build Orders:  

Get SALT Encoding   

  12  0:01  Probe (Chrono Boost)  
  13  0:13  Probe (Chrono Boost)  
  14  0:19  Pylon  
  14  0:24  Probe (Chrono Boost)  
  15  0:37  Probe (Chrono Boost)  
  15  0:40  Gateway  
  16  0:48  Probe (Chrono Boost)  
  17  0:52  Assimilator  
  17  0:58  Probe (Chrono Boost)  
  18  1:10  Probe (Chrono Boost)  
  19  1:17  Pylon  
  19  1:21  Probe (Chrono Boost)  
  20  1:28  Cybernetics Core  
  20  1:34  Gateway  
  20  1:37  Assimilator  
  21  1:40  Probe (Chrono Boost)  
  21  1:56  Probe (Chrono Boost)  
  22  2:05  Adept  
  22  2:06  Probe (Chrono Boost)  
  22  2:07  Pylon  
  25  2:14  Warp Gate  
  25  2:22  Mothership Core (Chrono Boost)  
  26  2:23  Adept  
  28  2:40  Probe (Chrono Boost)  
  29  2:51  Adept  
  31  3:03  Nexus  
  31  3:10  Stargate  
  31  3:15  Pylon  
  31  3:21  Probe (Chrono Boost)  
  32  3:39  Robotics Facility  
  33  3:41  Probe (Chrono Boost)  
  33  3:49  Sentry  
  33  3:50  Sentry  
  37  4:22  Forge  
  37  4:28  Probe x2 (Chrono Boost)  
  37  4:30  Pylon  
  39  4:36  Pylon  
  39  4:37  Stalker  
  39  4:38  Probe x2 (Chrono Boost)  
  43  4:39  Stalker  
  43  4:43  Observer (Chrono Boost)  
  46  4:57  Assimilator  
  46  4:58  Probe  
  46  4:59  Probe  
  47  5:02  Observer (Chrono Boost)  
  47  5:03  Oracle (Chrono Boost)  
  52  5:22  Probe  
  52  5:23  Immortal  
  52  5:24  Probe  
  58  5:36  Probe  
  58  5:42  Pylon  
  59  5:45  Pylon  
  59  5:46  Probe  
  59  5:48  Probe  
  61  5:51  Photon Cannon  
  61  5:57  Probe  
  59  6:05  Adept x2  
  59  6:07  Immortal  
  67  6:12  Twilight Council  
  67  6:17  Gateway  
  67  6:24  Phoenix (Chrono Boost)  
  69  6:37  Stalker  
  69  6:38  Stalker  
  71  6:43  Pylon  
  71  6:44  Probe  
  71  6:45  Probe  
  73  6:47  Assimilator  
  73  6:54  Phoenix (Chrono Boost)  
  73  6:57  Probe  
  72  7:22  Blink (Chrono Boost)  
  72  7:28  Stalker x2  
  76  7:30  Phoenix  
  76  7:31  Immortal  
  82  7:37  Probe x2  
  84  7:49  Probe x2  
  86  7:55  Gateway  
  86  7:56  Gateway  
  86  7:58  Gateway  
  86  8:01  Probe x2  
  86  8:02  Templar Archives  
  88  8:13  Probe x2  
  84  8:33  Void Ray  
  82  8:38  Immortal  
  90  8:41  High Templar x2  
  93  8:56  Psionic Storm  
  93  8:57  Archon  
  93  9:02  Zealot x4  
  101  9:23  Pylon  
  101  9:25  Pylon  
  101  9:27  Pylon  
  101  9:35  Void Ray  
  101  9:41  Immortal  
  109  10:00  High Templar x2  
  109  10:01  Zealot x2  
  109  10:02  Zealot x2  
  121  10:09  Nexus  
  121  10:20  Immortal  
  125  10:32  Pylon  
  125  10:34  Pylon  
  125  10:35  Pylon  
  125  10:41  Pylon  
  87  11:17  Void Ray  
  87  11:20  Stalker x6  
  87  11:23  Immortal  
  103  12:05  Adept  
Show
View Real Time Build Order
Export as new Build Order

llllllllllll Terran 

Build Orders: Reaper Expand, MMM Bio 

Get SALT Encoding   

  12  0:03  SCV  
  13  0:15  SCV  
  13  0:18  Supply Depot  
  14  0:27  SCV  
  15  0:40  SCV  
  15  0:42  Barracks  
  16  0:46  Refinery  
  16  0:52  SCV  
  17  1:04  SCV  
  18  1:16  SCV  
  19  1:29  Orbital Command  
  19  1:31  Reaper  
  20  1:46  Command Center  
  20  1:56  SCV  
  20  1:57  Supply Depot  
  21  2:03  Reaper  
  22  2:12  SCV  
  23  2:24  SCV  
  23  2:26  Factory  
  24  2:37  Refinery, SCV  
  25  2:59  SCV  
  26  3:07  Command Center  
  26  3:11  SCV  
  27  3:17  Factory Tech Lab  
  27  3:18  Barracks Tech Lab  
  27  3:23  SCV  
  28  3:35  SCV  
  28  3:38  Engineering Bay, Cyclone  
  28  3:41  Stimpack  
  32  3:47  SCV, Orbital Command  
  33  4:03  SCV  
  34  4:12  Cyclone  
  34  4:16  SCV  
  38  4:17  Missile Turret  
  38  4:26  Orbital Command  
  38  4:28  SCV  
  39  4:34  SCV  
  39  4:38  Refinery  
  40  4:46  SCV  
  40  4:47  Orbital Command  
  40  4:48  Cyclone  
  44  4:55  Barracks  
  44  4:56  Barracks  
  44  5:02  SCV  
  45  5:14  SCV  
  46  5:24  Cyclone  
  46  5:25  Mag-Field Accelerator  
  46  5:26  SCV  
  50  5:38  SCV  
  51  5:45  Barracks Tech Lab  
  51  5:46  Barracks Tech Lab  
  51  5:48  Barracks  
  51  5:49  Barracks  
  51  5:50  SCV  
  51  5:53  Combat Shields  
  52  6:02  SCV  
  52  6:04  SCV  
  53  6:08  SCV  
  54  6:14  SCV  
  54  6:15  Missile Turret  
  54  6:16  SCV  
  54  6:17  Refinery  
  56  6:20  SCV  
  57  6:28  SCV  
  57  6:32  SCV  
  59  6:38  SCV  
  60  6:40  SCV  
  60  6:44  Supply Depot  
  61  6:47  Supply Depot  
  61  6:48  Marauder, Siege Tank  
  61  6:51  Supply Depot x2, SCV  
  61  6:52  SCV  
  68  6:57  SCV  
  69  7:03  SCV  
  69  7:04  Barracks Tech Lab, SCV  
  69  7:05  Barracks Reactor  
  69  7:07  Concussive Shells  
  73  7:08  Marauder x2  
  73  7:09  SCV  
  73  7:15  SCV  
  72  7:16  SCV  
  72  7:21  SCV  
  72  7:22  Marauder x2  
  78  7:26  Siege Tank  
  78  7:27  SCV  
  78  7:28  SCV  
  87  7:30  Supply Depot, Marauder x2  
  87  7:31  Supply Depot  
  87  7:33  SCV  
  88  7:39  SCV  
  88  7:40  SCV  
  88  7:42  Supply Depot  
  88  7:43  Marauder  
  92  7:46  Supply Depot, SCV  
  93  7:53  Starport, Marine x3, SCV  
  93  7:55  Marauder  
  99  8:09  SCV  
  99  8:11  SCV  
  101  8:21  SCV  
  101  8:23  SCV  
  101  8:26  Marine x4  
  91  8:27  Marauder  
  91  8:28  Marauder  
  91  8:33  SCV  
  96  8:35  SCV  
  97  8:45  Marauder x2  
  97  8:46  SCV  
  97  8:47  SCV  
  103  8:49  Marauder x2, Siege Tank  
  108  8:59  SCV  
  109  9:06  Marauder x2  
  113  9:11  Ghost Academy, SCV  
  114  9:17  Engineering Bay, Terran Infantry Weapons Level 1  
  114  9:20  Armory  
  114  9:21  Siege Tank  
  114  9:23  SCV  
  118  9:26  Marauder x2  
  118  9:27  Marauder  
  118  9:28  Marauder  
  127  9:32  Supply Depot x2  
  127  9:33  Command Center  
  127  9:35  SCV  
  127  9:38  Barracks Reactor  
  127  9:43  Medivac x2  
  131  9:47  Marauder x2  
  131  9:49  Marauder x2  
  139  9:56  Supply Depot  
  139  9:57  Supply Depot  
  139  9:58  SCV  
  140  10:05  Refinery  
  140  10:06  Refinery, Liberator, Missile Turret  
  140  10:10  SCV  
  141  10:19  Marauder  
  141  10:20  Marine x2, Marauder x3  
  151  10:25  Medivac  
  156  10:41  Marauder  
  147  10:59  Marine x3  
  147  11:00  Marine x2  
  85  11:13  Marine  
  85  11:17  Marine x2  
  74  11:21  Cyclone  
  74  11:24  Marine x3  
  68  11:40  Marine x3  
  68  11:42  Marine  
Tags
 
Composition
MMM Bio
Matchup
PvT
Replay Pack
rep
Add a new tag
Caveats
  • Supply blocks, unpowered buildings, or Contaminate may cause inaccurate times.
  • Supply counts are checked every 10 seconds.